 Dungeon Crawl Stone Soup version 0.25-a0-425-g0e000e855e (webtiles) character file.

Game seed: 2368084840768016586, levelgen mode: deterministic

5 Nattfarinn the Vexing (level 1, -3/10 HPs)
             Began as a Vampire Enchanter on Jan 24, 2020.
             Slain by a kobold
             ... wielding a +0 dagger
              (5 damage)
             ... on level 1 of the Dungeon.
             The game lasted 00:00:35 (118 turns).

Nattfarinn the Vexing (Vampire Enchanter)            Turns: 118, Time: 00:00:35

Health: -3/10      AC:  2    Str:  7    XL:     1   Next: 66%
Magic:  2/3        EV: 12    Int: 17    God:
Gold:   16         SH:  0    Dex: 14    Spells: 3/4 levels left

rFire    . . .     SeeInvis +   a - +1 dagger
rCold    + + .     Gourm    .   (no shield)
rNeg     + + +     Faith    .   b - +0 robe
rPois    ∞         Spirit   .   (no helmet)
rElec    .         Reflect  .   (no cloak)
rCorr    .         Harm     .   (no gloves)
MR       .....                  (no boots)
Stlth    +++.......             (no amulet)
HPRegen  0.00/turn              (no ring)
MPRegen  0.08/turn              (no ring)

@: bloodless, very slow
A: no food, fangs 3, see invisible, unbreathing
a: Revivify


You were on level 1 of the Dungeon.
You were bloodless.

You visited 1 branch of the dungeon, and saw 1 of its levels.

You collected 16 gold pieces.

Inventory:

Hand Weapons
 a - a +1 dagger (weapon)
Armour
 b - a +0 robe (worn)


   Skills:
 - Level 1.1 Short Blades
 - Level 2.1 Dodging
 + Level 4.6 Stealth
 - Level 2.0 Spellcasting
 * Level 4.8 Hexes


You had 3 spell levels left.
You knew the following spells:

 Your Spells              Type           Power        Failure   Level  Hunger
a - Corona                Hex            ###....      2%          1    N/A

Your spell library contained the following spells:

 Spells                   Type           Power        Failure   Level  Hunger
 Confusing Touch          Hex            ###.....     8%          3    N/A
 Tukima's Dance           Hex            ###.....     8%          3    N/A
 Ensorcelled Hibernation  Hex/Ice        #.....       11%         2    N/A
 Dazzling Flash           Conj/Hex       #.....       22%         3    N/A

Dungeon Overview and Level Annotations

Branches:
Dungeon (1/15)

Altars:


Innate Abilities, Weirdness & Mutations

You do not eat.
You do not regenerate when monsters are visible.
You are frail without blood (-20% HP).
You can heal yourself when you bite living creatures.
You are immune to poison.
You have razor-sharp teeth.
You have supernaturally acute eyesight. (SInv)
You can survive without breathing.


Message History

You hear a splash.
You see here a stone.
Casting: Corona (safe; 2% risk of failure)
Confirm with . or Enter, or press ? or * to list all spells.
Aiming: Corona (safe; 2% risk of failure)
Press: ? - help, Shift-Dir - straight line, f - kobold
Aim: a kobold, wielding a +0 dagger and quivering a stone (chance to defeat MR: 73%)
The kobold is outlined in light.
The kobold throws a stone.
The stone barely misses you.
You hear a splash.
You see here 2 stones.
You hit the kobold. Your bite misses the kobold.
The kobold is moderately wounded.
You hit the kobold but do no damage.
The kobold is moderately wounded.
The kobold barely misses you.
Your unstable footing causes you to fumble your attack.
The kobold stops glowing.
The kobold hits you with a +0 dagger.
Ouch! That really hurt!
You die...

##......# ##...##
##.....### ##.>...##
##......≈♣♣# ##.......##
##......♣♣♣≈♣##.........#
?.......≈♣≈≈≈≈≈+.........'
###.?...♣≈≈♣≈P♣≈.........#
##.[.≈(≈≈≈≈≈≈≈#.......##
##.♣≈≈(♣≈≈♣≈♣♣#.....###
##♣≈≈@≈≈≈≈≈≈♣≈#...)...
♣≈≈≈K≈≈≈♣P♣ ##..####
♣♣≈♣≈≈≈≈≈P≈ #.. ≈≈P
≈≈≈≈≈≈≈ ##..### #≈≈≈≈
≈≈≈≈≈≈♣♣P......# #≈♣≈P≈
≈≈≈≈≈≈P≈≈...##.# # ≈≈≈≈
≈≈≈≈≈≈≈P♣....).. ♣♣P≈≈
≈≈≈≈≈≈≈♣♣....... ≈≈≈≈
≈≈≈≈≈≈≈♣≈.......


You could see a kobold.

Vanquished Creatures
  A goblin (D:1)
  A hobgoblin (D:1)
  2 bats (D:1)
  A frilled lizard (D:1)
5 creatures vanquished.

Notes
Turn   | Place    | Note
-------+----------+-------------------------------------------
     0 | D:1      | Nattfarinn the Vampire Enchanter began the quest for the
                  | Orb.
     0 | D:1      | Reached XP level 1. HP: 13/13 MP: 3/3
   118 | D:1      | Slain by a kobold

Levels and vault maps discovered:
D:1:      wander_arrival_desolate, layout_loops_corners, st_stairs_14,
          kennysheep_another_room, serial_bayou_lake_a

Action                   || total
-------------------------++-------
Melee: Dagger            ||    15
 Cast: Corona            ||     2
 Abil: Exsanguinate      ||     1
 Stab: Sleeping          ||     3
Armor: Robe              ||     1
Dodge: Dodged            ||     8

Table legend:
 A = Non-vault XP
 B = Vault XP
 C = Vault XP percentage of total XP
 D = Non-vault monster count
 E = Vault monster count
 F = Vault count percentage of total count
                 A         B        C        D         E       F
            +---------+---------+-------+---------+---------+-------
      Total |       8 |       0 |   0.0 |       5 |       0 |   0.0
            +---------+---------+-------+---------+---------+-------
        D:1 |       8 |       0 |   0.0 |       5 |       0 |   0.0
            +---------+---------+-------+---------+---------+-------
